 Dungeon Crawl Stone Soup version 0.31-a0-441-g867994ef1c (webtiles) character file.

Game seed: 13975065930000648889

52 randomguy2701 the Conjurer (level 3, -4/21 HPs)
             Began as an Octopode Conjurer on Aug 2, 2023.
             Was an Initiate of Ashenzari.
             Slain by an ogre
             ... wielding a +0 giant club
              (25 damage)
             ... on level 3 of the Dungeon.
             The game lasted 00:03:02 (2331 turns).

randomguy2701 the Conjurer (Octopode Conjurer)      Turns: 2331, Time: 00:03:03

Health: -4/21      AC:  1    Str:  6    XL:     3   Next: 85%
Magic:  0/6        EV: 13    Int: 22    God:    Ashenzari [......]
Gold:   134        SH:  0    Dex: 10    Spells: 5/6 levels left

rFire   . . .        (no weapon)
rCold   . . .        (no shield)
rNeg    . . .        (helmet restricted)
rPois   .            (no amulet)
rElec   .            (no ring)
rCorr   .            (no ring)
SInv    .            (no ring)
Will    .....        (no ring)
Stlth   +++          (no ring)
HPRegen 0.23/turn    (no ring)
MPRegen 0.10/turn    (no ring)
                     (no ring)

%: no passive effects
@: no status effects
A: almost no armour, amphibious, 8 rings, camouflage 1, gelatinous body 1,
(nimble swimmer 1), tentacles
a: Renounce Religion, Curse Item


You were on level 3 of the Dungeon.
You worshipped Ashenzari.
Ashenzari was noncommittal.
You visited 1 branch of the dungeon, and saw 3 of its levels.

You collected 134 gold pieces.

Inventory:

Scrolls
 b - a scroll of immolation {unknown}
 c - 4 scrolls of identify {unknown}
 d - a scroll of fog {unknown}
 g - a scroll of teleportation {unknown}
Potions
 a - a potion of magic
 e - a potion of mutation {unknown}
 f - a potion of experience {unknown}


   Skills:
 + Level 2.2 Dodging
 + Level 2.9 Stealth
 + Level 2.2 Spellcasting
 + Level 5.1 Conjurations


You had 5 spell levels left.
You knew the following spells:

 Your Spells              Type           Power      Damage    Failure   Level
a - Magic Dart            Conj           96%        1d7       1%          1

Your spell library contained the following spells:

 Spells                   Type           Power      Damage    Failure   Level
 Searing Ray              Conj           48%        2d6       2%          2
 Dazzling Flash           Conj/Hex       26%        N/A       14%         3
 Call Imp                 Summ           4%         N/A       21%         2
 Mephitic Cloud           Conj/Pois/Air  9%         N/A       21%         3
 Ozocubu's Armour         Ice            2%         N/A       38%         3
 Fulminant Prism          Conj/Hex       6%         3d7       43%         4
 Iskenderun's Mystic Bla  Conj/Tloc      13%        2d5       43%         4
 Ozocubu's Refrigeration  Ice            1%         4d7       100%        7


Dungeon Overview and Level Annotations

Branches:
Dungeon (3/15)

Altars:
Ashenzari
Okawaru


Innate Abilities, Weirdness & Mutations

You cannot wear most types of armour.
You are amphibious.
You can wear up to eight rings at the same time.
Your skin changes colour to match your surroundings (Stealth+).
Your rubbery body absorbs attacks. (AC +1, EV +1)
((You are camouflaged when in or above water. (Stealth+)))
You have tentacles for arms and can constrict up to eight enemies at once.


Message History

There is an open door here.
There is a stone staircase leading down here.
You climb downwards.
There is a stone staircase leading up here.
Found a stone staircase leading down.
A jackal comes into view.
A jackal is nearby!
The magic dart hits the jackal.
You kill the jackal!
A jackal comes into view.
The magic dart hits the jackal but does no damage.
The magic dart hits the jackal.
The jackal is moderately wounded.
The magic dart hits the jackal!
You kill the jackal!
Magic restored.
An ogre comes into view. It is wielding a +0 giant club.
The ogre shouts!
The magic dart hits the ogre.
The ogre is moderately wounded.
You miscast Magic Dart.
You are very lightly contaminated with residual magic.
Nothing appears to happen.
A hobgoblin comes into view.
The magic dart hits the ogre.
The ogre is moderately wounded.
The hobgoblin shouts!
Your magical contamination has completely faded away.
The magic dart hits the ogre.
The ogre is heavily wounded.
The magic dart hits the ogre.
The ogre is heavily wounded.
The magic dart hits the ogre.
The ogre is severely wounded.
The ogre misses you.
The magic dart hits the ogre.
The ogre is severely wounded.
The ogre hits you with a +0 giant club!!
Ouch! That really hurt!
You die...

#.######## ##
#.###........# ...
#......# ...######.#
#.######.###
#.....##...#####
#.............#
######..###...##.######
.....##.# ###...@.....#
####....# ##.gO.....#
###### #........#
##########


You could see an ogre and a hobgoblin.

Vanquished Creatures
  2 dart slugs
  6 bats
  4 endoplasms (D:1)
  3 giant cockroaches (D:1)
  7 goblins
  5 hobgoblins
  2 jackals (D:3)
  2 quokkas (D:1)
  A frilled lizard (D:1)
  3 kobolds
  6 rats
41 creatures vanquished.

Notes
Turn   | Place    | Note
-------+----------+-------------------------------------------
     0 | D:1      | randomguy2701 the Octopode Conjurer began the quest for the
                  | Orb.
     0 | D:1      | Reached XP level 1. HP: 11/11 MP: 3/3
   232 | D:1      | Reached XP level 2. HP: 17/17 MP: 1/5
   620 | D:1      | Reached XP level 3. HP: 21/21 MP: 3/6
  1358 | D:2      | Reached skill level 5 in Conjurations
  1519 | D:2      | Found a faded altar of an unknown god.
  1615 | D:2      | Found an iron altar of Okawaru.
  2213 | D:2      | Prayed at the altar of an unknown god.
  2213 | D:2      | Became a worshipper of Ashenzari the Shackled
  2314 | D:3      | Noticed an ogre
  2331 | D:3      | Slain by an ogre

Illustrated notes

Levels and vault maps discovered:
D:1:      evilmike_arrival_rings, layout_loops_ring, st_stairs_14
D:2:      layout_basic, basic_altar, hellmonk_ecumenical_altar_run_dry,
          serial_bayou_pond_e
D:3:      layout_rooms, uniq_robin

Skill      XL: |  1  2  3 |
---------------+----------+-----
Conjurations   | 5 |  5.1
Dodging        | |  2.2
Stealth        | |  2.9
Spellcasting   | |  2.2

Action                     || total
---------------------------++-------
  Melee: Unarmed           ||    10
         Constrict         ||     3
         Tentacles         ||     2
   Cast: Magic Dart        ||    78
 Armour: Skin              ||     2
  Dodge: Dodged            ||    20

Table legend: (Time is in decaauts)
 A = Elapsed time spent in this place.
 B = Non-inter-level travel time spent in this place.
 C = Inter-level travel time spent in this place.
 D = Time resting spent in this place.
 E = Time spent auto-exploring this place.
 F = Levels seen in this place.
 G = Mean time per level.
                   A        B        C        D        E       F      G
               +--------+--------+--------+--------+--------+-----+--------+
         Total |   2330 |   2215 |    115 |      0 |   2013 |   3 |  776.7 |
       Dungeon |   2330 |   2215 |    115 |      0 |   2013 |   3 |  776.7 |
               +--------+--------+--------+--------+--------+-----+--------+

Top non-repeatable levels by time:
     D:1: 1267 daAuts
     D:2: 961 daAuts
     D:3: 101 daAuts
